 Dungeon Crawl Stone Soup version 0.22.0-36-g8e74550d25 (webtiles) character file.

2513 Loge the Grappler (level 9, 0/92 HPs)
             Began as a Troll Monk on Aug 24, 2018.
             Was a Priest of Trog.
             Slain by a killer bee (6 damage)
             ... on level 8 of the Dungeon.
             The game lasted 00:11:09 (6623 turns).

Loge the Grappler (Troll Monk)                      Turns: 6623, Time: 00:11:09

Health: 0/92       AC:  6    Str: 21    XL:     9   Next: 29%
Magic:  8/8        EV: 11    Int:  6    God:    Trog [***...]
Gold:   391        SH:  0    Dex: 15    Spells: 8/8 levels left

rFire    . . .     SeeInvis .     - Unarmed
rCold    . . .     Gourm    +   (no shield)
rNeg     . . .     Faith    .   a - +0 robe
rPois    .         Spirit   .   (helmet restricted)
rElec    .         Reflect  .   t - +0 cloak
rCorr    .         Harm     .   (gloves unavailable)
MR       .....                  (boots unavailable)
Stlth    ++........             (no amulet)
HPRegen  0.65/turn              (no ring)
MPRegen  0.11/turn              (no ring)

@: no status effects
A: large, unfitting armour, claws 3, fast metabolism 3, gourmand, regeneration
1, shaggy fur 1, tough skin 2
a: Berserk, Trog's Hand, Renounce Religion


You were on level 8 of the Dungeon.
You worshipped Trog.
Trog was most pleased with you.
You were very full.

You visited 2 branches of the dungeon, and saw 10 of its levels.

You collected 391 gold pieces.

Inventory:

Missiles
 c - 166 stones
 k - 4 large rocks (quivered)
 u - 11 javelins
Armour
 a - a +0 robe (worn)
 t - a +0 cloak (worn)
Jewellery
 s - an uncursed ring of protection from cold {unknown}
 B - an uncursed ring of protection from fire {unknown}
 C - an uncursed amulet of the gourmand {unknown}
Wands
 q - a wand of flame (57)
 A - a wand of acid (11)
Scrolls
 d - a scroll of amnesia {unknown}
 f - a scroll of fear
 g - a scroll of magic mapping
 j - 3 scrolls of teleportation
 r - 4 scrolls of remove curse {unknown}
 w - 6 scrolls of identify
 x - a scroll of noise {unknown}
 y - a scroll of silence {unknown}
Potions
 e - a potion of invisibility {unknown}
 h - 3 potions of curing
 i - a potion of brilliance {unknown}
 l - 4 potions of haste
 m - 2 potions of heal wounds {unknown}
 n - a potion of lignification {unknown}
 o - a potion of mutation {unknown}
 p - a potion of cancellation {unknown}
 v - 2 potions of might {unknown}
 D - a potion of resistance {unknown}
Comestibles
 b - 15 rations


   Skills:
 + Level 6.5 Fighting
 - Level 2.4 Dodging
 - Level 1.0 Stealth
 * Level 10.7 Unarmed Combat


You had 8 spell levels left.
You didn't know any spells.
Your spell library contained the following spells:

 Spells                   Type           Power        Failure   Level  Hunger
 Animate Skeleton         Necr           N/A          45%         1    ##.....
 Apportation              Tloc           #.....       45%         1    ##.....
 Confusing Touch          Hex            #.....       45%         1    ##.....
 Magic Dart               Conj           #...         45%         1    ##.....
 Summon Small Mammal      Summ           #...         45%         1    ##.....
 Blink                    Tloc           N/A          58%         2    ###....
 Call Imp                 Summ           #.......     58%         2    ###....
 Slow                     Hex            #.......     58%         2    ###....
 Conjure Flame            Conj/Fire      #.......     83%         3    ####...
 Mephitic Cloud           Conj/Pois/Air  #.......     83%         3    ####...


Dungeon Overview and Level Annotations

Branches:
Dungeon (9/15)             Temple (1/1) D:5
   Lair: D:8-11         Orc: D:9-12

Altars:
Ashenzari
Cheibriados
Dithmenos
Elyvilon
Fedhas
Gozag
Hepliaklqana
Kikubaaqudgha
Makhleb
Nemelex Xobeh
Okawaru
Qazlal
Ru
Sif Muna
Trog
Uskayaw
Vehumet
Wu Jian
Xom
Yredelemnul
Zin
The Shining One

Annotations:
D:9 2 transporters


Innate Abilities, Weirdness & Mutations

You are too large for most types of armour.
You have claws for hands.
Your metabolism is lightning-fast.
You like to eat raw meat.
Your natural rate of healing is unusually fast.
You are covered in fur. (AC +1)
You have very tough skin. (AC +2)


Message History

The killer bee poisons you!
You feel sick.
You feel sick. The killer bee closely misses you.
The killer bee stings you but does no damage.
There is a stone staircase leading up here.
The killer bee closely misses you. The killer bee misses you.
The killer bee stings you.
* * * LOW HITPOINT WARNING * * *
You are more poisoned.
The killer bee poisons you! The killer bee stings you.
* * * LOW HITPOINT WARNING * * *
The killer bee stings you.
* * * LOW HITPOINT WARNING * * *
The killer bee misses you.
You climb upwards.
You feel sick.
There is a stone staircase leading down here.
You feel better. The killer bee stings you.
* * * LOW HITPOINT WARNING * * *
The killer bee stings you.
You die...

#.# ####.# #.# #....# #.#
#.#### ### #.# #.# ..# #.#
#.# ..###############.# #.#
................#.# #.#
..####.........y.y# #.#
................@y# #.#
.#####.###..###.### #.# .##
#.# #..# #)# #.# ..# #.#
#..# #[# #.# ..##
#.###..###[#########.#
...###.##...##..).......#.#
.#.#......#.##..........#.#
##.#.#....#.............#.#
.....#..#####.#...........#


You could see 3 killer bees.

Vanquished Creatures
  A hungry ghost (D:8)
  2 sky beasts
  2 ice beasts
  3 orc warriors
  6 ogres
  A necrophage (D:7)
  A bullfrog (D:8)
  A killer bee (D:9)
  2 hounds (D:4)
  2 jellies
  2 centaur skeletons (D:5)
  4 orc priests
  4 orc wizards
  3 iguanas
  Terence (D:2)
  7 worker ants
  A hound skeleton (D:6)
  12 adders
  4 gnolls (D:2)
  A shadow imp (D:5)
  An ooze (D:4)
  An adder zombie (D:5)
  An adder skeleton (D:4)
  5 worms
  7 leopard geckos
  32 orcs
  12 bats
  4 giant cockroaches
  14 goblins
  9 hobgoblins
  11 jackals
  3 quokkas
  3 ball pythons
  7 frilled lizards
  A jackal skeleton (D:4)
  6 kobolds
  A leopard gecko zombie (D:6)
  6 rats
184 creatures vanquished.

Notes
Turn   | Place    | Note
-------+----------+-------------------------------------------
     0 | D:1      | Loge the Troll Monk began the quest for the Orb.
     0 | D:1      | Reached XP level 1. HP: 22/22 MP: 0/0
    73 | D:1      | Reached XP level 2. HP: 23/29 MP: 1/1
   402 | D:1      | Reached XP level 3. HP: 36/36 MP: 2/2
   694 | D:1      | Reached skill level 4 in Unarmed Combat
   895 | D:2      | Reached XP level 4. HP: 45/45 MP: 3/3
   970 | D:2      | Found an iron altar of Okawaru.
  1159 | D:2      | Reached skill level 5 in Unarmed Combat
  1159 | D:2      | Reached XP level 5. HP: 32/53 MP: 4/4
  1399 | D:2      | Noticed Terence
  1408 | D:2      | Killed Terence
  2354 | D:4      | Reached XP level 6. HP: 62/62 MP: 5/5
  2429 | D:4      | Reached skill level 6 in Unarmed Combat
  2520 | D:4      | Reached XP level 7. HP: 70/70 MP: 6/6
  2524 | D:4      | Reached skill level 7 in Unarmed Combat
  3004 | D:5      | Entered Level 5 of the Dungeon
  3260 | D:5      | Reached skill level 5 in Fighting
  3260 | D:5      | Reached skill level 8 in Unarmed Combat
  3387 | D:5      | Found a staircase to the Ecumenical Temple.
  3406 | D:5      | Reached XP level 8. HP: 57/80 MP: 7/7
  3418 | Temple   | Entered the Ecumenical Temple
  3535 | Temple   | Became a worshipper of Trog the Wrathful
  3535 | Temple   | Reached * piety under Trog
  3535 | Temple   | Reached ** piety under Trog
  3724 | D:5      | Found a sacrificial altar of Ru.
  4418 | D:6      | Reached skill level 9 in Unarmed Combat
  5172 | D:7      | Found a stormy altar of Qazlal.
  5730 | D:7      | Reached skill level 10 in Unarmed Combat
  5806 | D:7      | Found a burning altar of Makhleb.
  5806 | D:7      | Found a glowing golden altar of the Shining One.
  5806 | D:7      | Found a hazy altar of Hepliaklqana.
  5882 | D:7      | Reached *** piety under Trog
  5884 | D:7      | Reached XP level 9. HP: 76/89 MP: 8/8
  5955 | D:8      | Found a hide-covered altar of Uskayaw.
  5955 | D:8      | Found a deep blue altar of Sif Muna.
  5955 | D:8      | Found an iron altar of Okawaru.
  6572 | D:9      | Found a transporter.
  6576 | D:9      | Found a transporter.
  6623 | D:8      | Slain by a killer bee

Skill      XL: |  1  2  3  4  5  6  7  8 |
---------------+-------------------------+-----
Unarmed Combat | 4 5 6 8 10 | 10.7
Fighting       | 3 4 5 6 |  6.5
Dodging        | |  2.4
Stealth        | |  1.0

Action                   |  1- 3 |  4- 6 |  7- 9 || total
-------------------------+-------+-------+-------++-------
Melee: Unarmed           |   104 |   138 |   272 ||   514
       Punch             |     2 |     4 |     8 ||    14
  Use: Scroll            |       |     1 |     4 ||     5
       Potion            |       |       |     1 ||     1
 Stab: Sleeping          |       |     3 |     9 ||    12
       Distracted        |       |       |     2 ||     2
       Paralysed         |       |       |     1 ||     1
  Eat: Chunk             |    14 |    15 |    43 ||    72
Armor: Robe              |    47 |    49 |    62 ||   158
Dodge: Dodged            |    65 |    76 |   105 ||   246
